 Dungeon Crawl Stone Soup version 0.27.0-1-g7a089689b8 (webtiles) character file.

Game seed: 9123513188497970292

91 Gwenloh the Poker (level 4, 0/37 HPs)
             Began as a Merfolk Abyssal Knight on Aug 6, 2021.
             Was a Believer of Lugonu.
             Succumbed to a water moccasin's poison
             ... on level 3 of the Dungeon.
             The game lasted 00:07:05 (2582 turns).

Gwenloh the Poker (Merfolk Abyssal Knight)          Turns: 2582, Time: 00:07:05

Health: 0/37       AC:  4    Str: 12    XL:     4   Next: 57%
Magic:  5/6        EV: 12    Int: 11    God:    Lugonu [**....]
Gold:   125        SH:  0    Dex: 14    Spells: 3/3 levels left

rFire    . . .     SeeInvis .   a - +1 spear
rCold    . . .     Faith    .   (no shield)
rNeg     . . .     Spirit   .   b - +0 leather armour
rPois    .         Reflect  .   g - +0 helmet
rElec    .         Harm     .   (no cloak)
rCorr    .         Rampage  .   (no gloves)
Will     .....                  (no boots)
Stlth    +.........             (no amulet)
HPRegen  0.12/turn              (no ring)
MPRegen  0.10/turn              (no ring)

@: lethally poisoned (0 -> -11)
A: (nimble swimmer 2), mertail
a: Renounce Religion, Depart the Abyss, Bend Space


You were on level 3 of the Dungeon.
You worshipped Lugonu.
Lugonu was pleased with you.
You visited 1 branch of the dungeon, and saw 3 of its levels.
You visited the Abyss 1 time.

You collected 125 gold pieces.

Inventory:

Hand Weapons
 a - a +1 spear (weapon)
Missiles
 c - 97 stones (quivered)
Armour
 b - a +0 leather armour (worn)
 g - a +0 helmet (worn)
Scrolls
 d - 5 scrolls of enchant weapon {unknown}
 e - a scroll of magic mapping {unknown}
 h - a scroll of noise {unknown}
 i - 2 scrolls of identify {unknown}


   Skills:
 + Level 3.9 Fighting
 * Level 4.8 Polearms
 - Level 0.6 Armour
 + Level 3.5 Dodging
 + Level 2.8 Invocations


You had 3 spell levels left.
You didn't know any spells.
Your spell library contained the following spells:

 Spells                   Type           Power      Damage    Failure   Level
 Pain                     Necr           0%         1d4       41%         1
 Blink                    Tloc           N/A        N/A       56%         2
 Sublimation of Blood     Necr           0%         N/A       56%         2
 Lesser Beckoning         Tloc           0%         N/A       80%         3
 Petrify                  Tmut/Erth      0%         N/A       99%         4
 Agony                    Necr           0%         N/A       100%        5
 Excruciating Wounds      Necr           0%         N/A       100%        5
 Irradiate                Conj/Tmut      0%         3d13      100%        5
 Manifold Assault         Tloc           0%         N/A       100%        5


Dungeon Overview and Level Annotations

Branches:
Dungeon (3/15)

Altars:
Dithmenos

Annotations:
D:1 Terence


Innate Abilities, Weirdness & Mutations

((You are quick and stealthy near water. (Stealth+, EV+, Speed+++)))
Your lower body shifts to a powerful aquatic tail in water.


Message History

The water moccasin barely misses you.
You barely miss the water moccasin.
The water moccasin is lightly wounded.
The water moccasin misses you.
You completely miss the water moccasin.
The water moccasin is lightly wounded.
The water moccasin bites you.
You are poisoned.
The water moccasin poisons you!
You miss the water moccasin.
The water moccasin is lightly wounded.
You feel very sick. The water moccasin barely misses you.
The water moccasin bites you!
You are lethally poisoned!
The water moccasin poisons you!
You are too injured to fight recklessly!
You aren't carrying any potions.
Space bends around you!
You blink.
* * * LOW HITPOINT WARNING * * *
You feel very sick.
You aren't carrying any potions.
You hit the hobgoblin but do no damage.
* * * LOW HITPOINT WARNING * * *
You feel very sick. The hobgoblin misses you.
You hit the hobgoblin.
The hobgoblin is almost dead.
* * * LOW HITPOINT WARNING * * *
You feel very sick.
The water moccasin bites you but does no damage.
The water moccasin barely misses you.
You closely miss the hobgoblin.
The hobgoblin is almost dead.
* * * LOW HITPOINT WARNING * * *
You feel sick. The hobgoblin hits you.
* * * LOW HITPOINT WARNING * * *
The water moccasin barely misses you.
You closely miss the hobgoblin.
The hobgoblin is almost dead.
You die...

.####..........#
#.......#
....'..........#
#####)###
#####..........#
#####..##
#.#<.#+########.......#
###+##.# #......###.#
##......# ...####.#
#... ........#
.###..†.# #.....
......†...# ##.g.#..#
#......# ........###
#.@S.#.## ##.###.#
##......# #....##.# ..
♣ #......# #...##..# ..
##.##### #...## .## #.
#.## .# # #. . ##


You could see a water moccasin and a hobgoblin.

Vanquished Creatures
  A gnoll (D:3)
  3 adders (D:2)
  A worm (D:2)
  2 dart slugs (D:3)
  An orc (D:2)
  6 ball pythons
  2 endoplasms
  2 giant cockroaches (D:2)
  3 goblins
  A hobgoblin (D:2)
  2 jackals (D:1)
  7 quokkas
  8 bats
  4 frilled lizards (D:2)
  3 kobolds
  A rat (D:3)
47 creatures vanquished.

Vanquished Creatures (others)
  A jackal (D:1)
1 creature vanquished.

Grand Total: 48 creatures vanquished

Notes
Turn   | Place    | Note
-------+----------+-------------------------------------------
     0 | Abyss:1  | Gwenloh the Merfolk Abyssal Knight began the quest for the
                  | Orb.
     0 | Abyss:1  | Reached XP level 1. HP: 18/18 MP: 2/2
    20 | D:1      | Escaped the Abyss
   177 | D:1      | Reached XP level 2. HP: 24/24 MP: 3/3
  1077 | D:1      | 1
  1090 | D:2      | Reached skill level 4 in Polearms
  1090 | D:2      | Reached XP level 3. HP: 15/29 MP: 4/4
  1396 | D:2      | Reached ** piety under Lugonu
  1515 | D:2      | Noticed Terence
  1804 | D:2      | Reached XP level 4. HP: 24/37 MP: 5/5
  2258 | D:3      | Found a shadowy altar of Dithmenos.
  2567 | D:3      | Noticed a water moccasin
  2581 | D:3      | HP: 1/37 [hobgoblin (1)]
  2582 | D:3      | Succumbed to a water moccasin's poison

Illustrated notes

...#.......# ##########.####
...........###########.# #.#
...........#...........# #.#
...........#.#########.# #.####
..........##.#.........# #.....
.................############....
###...........)..................
#..................########....
###.......##...)@......).........
..'........#..........###########
###........#..........#..# #....
###....##................# #....
........'......####.###.## #....
#########........##.# #.# #....
#########........##.# #.#####....
........#........##.# #..........
........##.......##.# #..........


Turn 1077 on D:1: 1

Levels and vault maps discovered:
D:1:      matt_arrival_grand_opening, layout_basic, serial_park_tiny_1,
          lemuel_old_faithful
D:2:      layout_basic, minmay_lizard_pond, uniq_terence
D:3:      minmay_evil_eye, layout_basic, old_standard_altar,
          shapermc_ecumenical_altar_totnotflames

Skill      XL: |  1  2 |
---------------+-------+-----
Dodging        | 3 |  3.5
Polearms       | 4 |  4.8
Fighting       | |  3.9
Armour         | |  0.6
Invocations    | |  2.8

Action                   |  1- 3 |  4- 6 || total
-------------------------+-------+-------++-------
Melee: Spear             |   102 |    74 ||   176
       Tailslap          |     1 |       ||     1
Throw: Stone             |    31 |     2 ||    33
Invok: Bend Space        |     1 |     1 ||     2
  Use: Potion            |     2 |       ||     2
 Stab: Sleeping          |       |     1 ||     1
Armor: Leather armour    |    14 |    21 ||    35
Dodge: Dodged            |    37 |    45 ||    82
